 Dungeon Crawl Stone Soup version 0.26-a0-665-gefeb406 (webtiles) character file.

Game seed: 10298253089614215587

452 Mopster the Chopper (level 6, -3/56 HPs)
             Began as a Minotaur Berserker on Oct 15, 2020.
             Was a Believer of Trog.
             Killed by Olgreb's Toxic Radiance
             ... invoked by cpf86's ghost
              (4 damage)
             ... on level 5 of the Dungeon.
             The game lasted 00:20:31 (4179 turns).

Mopster the Chopper (Minotaur Berserker)            Turns: 4179, Time: 00:20:31

Health: -3/56      AC:  9    Str: 24    XL:     6   Next: 75%
Magic:  0/5        EV:  9    Int:  4    God:    Trog [**....]
Gold:   356        SH:  0    Dex:  9    Spells: 5/5 levels left

rFire    . . .     SeeInvis .   a - +0 hand axe
rCold    . . .     Faith    .   (no shield)
rNeg     . . .     Spirit   +   i - +0 chain mail
rPois    .         Reflect  .   (helmet restricted)
rElec    .         Harm     .   (no cloak)
rCorr    .         Rampage  .   (no gloves)
MR       .....                  (no boots)
Stlth    ..........             o - amulet of guardian spirit
HPRegen  0.18/turn              (no ring)
MPRegen  0.09/turn              (no ring)

@: lethally poisoned (-3 -> -41), berserk cooldown, slowed, very slow
A: retaliatory headbutt, horns 2
a: Berserk, Trog's Hand, Renounce Religion


You were on level 5 of the Dungeon.
You worshipped Trog.
Trog was pleased with you.
You visited 1 branch of the dungeon, and saw 5 of its levels.

You collected 356 gold pieces.

Inventory:

Hand Weapons
 a - a +0 hand axe (weapon)
Armour
 b - a +0 animal skin
 e - a +0 ring mail
 i - a +0 chain mail (worn)
Jewellery
 n - an uncursed ring of fire
 o - an amulet of guardian spirit (around neck)
Wands
 m - a wand of polymorph (1)
Scrolls
 c - 3 scrolls of teleportation
 f - a scroll of blinking
 k - a scroll of immolation
 u - a scroll of enchant weapon
Potions
 d - 3 potions of lignification
 g - 2 potions of flight
 j - a potion of stabbing {unknown}
 l - a potion of berserk rage {unknown}
 q - a potion of ambrosia {unknown}
 r - a potion of curing
 s - 2 potions of might
 v - a potion of magic {unknown}


   Skills:
 + Level 5.1 Fighting
 + Level 6.5 Axes
 + Level 5.2 Armour
 + Level 3.0 Dodging
 + Level 0.6 Stealth


You had 5 spell levels left.
You didn't know any spells.
Your spell library contained the following spells:

 Spells                   Type           Power        Failure   Level
 Magic Dart               Conj           #...         98%         1
 Blink                    Tloc           N/A          99%         2
 Call Imp                 Summ           #.......     99%         2
 Slow                     Hex            #.......     99%         2
 Conjure Flame            Conj/Fire      #.......     100%        3
 Ignite Poison            Fire/Tmut/Pois #.......     100%        3
 Mephitic Cloud           Conj/Pois/Air  #.......     100%        3
 Fireball                 Conj/Fire      #.........   100%        5
 Starburst                Conj/Fire      #.........   100%        6
 Ignition                 Fire           #.........   100%        8


Dungeon Overview and Level Annotations

Branches:
Dungeon (5/15)             Temple (0/1) D:5

Altars:
Ashenzari
Fedhas
Okawaru
Sif Muna

Shops:
D:4 :

Annotations:
D:5 1 runed translucent door, cpf86's ghost, novice OgVM


Innate Abilities, Weirdness & Mutations

You reflexively headbutt those who attack you in melee.
You have a pair of horns on your head.


Message History

Cpf86's ghost whispers, "There is no future for you."
Cpf86's ghost gestures at you while chanting.
The sting hits you!
You are more poisoned.
* * * LOW HITPOINT WARNING * * *
Cpf86's ghost hits you but does no damage.
You hit cpf86's ghost. You headbutt cpf86's ghost.
Cpf86's ghost is almost destroyed.
* * * LOW HITPOINT WARNING * * *
You feel very sick.
* * * LOW HITPOINT WARNING * * *
You are more poisoned.
* * * LOW HITPOINT WARNING * * *
You are more poisoned.
Cpf86's ghost hits you but does no damage.
You closely miss cpf86's ghost. Your headbutt misses cpf86's ghost.
Cpf86's ghost is almost destroyed.
* * * LOW HITPOINT WARNING * * *
You feel very sick.
You die...

#....# #....#.#.#.#
#....#################......#.#
#.(...............# #...##.#.#
..................# ##.......#
..................# #.#.....#
..................# #.#..#..#
...............§.###########..###
.................#S≈≈≈≈≈≈SW#....#
..............<.@WSw≈≈$≈≈Bw+.....
....#............#B≈≈≈≈≈≈≈S#.....
#####............###########.....
# #.............# #.>... #
#.......).....# ###... #
#.............# #... #
#.............# #... #
############### #... #...


You could see a worm, cpf86's ghost (toxic aura), an adder, a giant cockroach
and a ball python.

Vanquished Creatures
  2 centaurs (D:3)
  A jelly (D:5)
  Crazy Yiuf (D:2)
  An orc priest (D:3)
  A bullfrog skeleton (D:4)
  An orc wizard (D:3)
  3 adders
  2 white imps (D:5)
  2 ufetubi (D:5)
  2 oozes (D:3)
  A worm (D:3)
  2 dart slugs
  2 leopard geckos
  9 orcs
  A ball python (D:5)
  2 giant cockroaches
  5 goblins
  10 hobgoblins
  4 jackals (D:5)
  9 kobolds
  A quokka (D:5)
  5 bats
  7 frilled lizards
  A quokka zombie (D:5)
  9 rats
84 creatures vanquished.

Vanquished Creatures (others)
  3 fungi (D:2)
3 creatures vanquished.

Grand Total: 87 creatures vanquished

Notes
Turn   | Place    | Note
-------+----------+-------------------------------------------
     0 | D:1      | Mopster the Minotaur Berserker began the quest for the Orb.
     0 | D:1      | Reached XP level 1. HP: 19/19 MP: 0/0
   168 | D:1      | Reached XP level 2. HP: 27/27 MP: 1/1
   214 | D:1      | Reached skill level 4 in Axes
   924 | D:2      | Reached XP level 3. HP: 33/33 MP: 2/2
  1042 | D:2      | Found a runed translucent door.
  1043 | D:2      | Noticed Crazy Yiuf
  1048 | D:2      | Killed Crazy Yiuf
  1072 | D:2      | Reached ** piety under Trog
  1102 | D:2      | Reached XP level 4. HP: 32/41 MP: 3/3
  1179 | D:2      | Found a blossoming altar of Fedhas.
  1330 | D:2      | Found a shimmering blue altar of Sif Muna.
  1406 | D:3      | Reached skill level 5 in Axes
  1920 | D:3      | Found an iron altar of Okawaru.
  2158 | D:3      | Noticed a centaur
  2168 | D:3      | Killed a centaur
  2168 | D:3      | Reached XP level 5. HP: 26/47 MP: 4/4
  2444 | D:3      | Noticed a centaur
  2456 | D:3      | Killed a centaur
  2456 | D:3      | Reached skill level 5 in Fighting
  2456 | D:3      | Reached skill level 6 in Axes
  2456 | D:3      | Reached XP level 6. HP: 42/56 MP: 5/5
  3229 | D:4      | Found a broken altar of Ashenzari.
  3512 | D:4      | Found Ykaeran's Book Shoppe.
  3659 | D:5      | Entered Level 5 of the Dungeon
  3819 | D:5      | Found a runed translucent door.
  3822 | D:5      | Noticed cpf86's ghost (novice OgVM)
  3826 | D:5      | Reached skill level 5 in Armour
  3875 | D:5      | Found a staircase to the Ecumenical Temple.
  4104 | D:5      | Found a runed translucent door.
  4179 | D:5      | HP: 1/56 [poisoned by cpf86's ghost (toxic radiance)]
  4179 | D:5      | Killed from afar by cpf86's ghost

Illustrated notes

Levels and vault maps discovered:
D:1:      ebering_trefoil_3fold, layout_loops_corners, kennysheep_doodads
D:2:      layout_rooms, old_standard_altar, marbit_many_paths,
          uniq_crazy_yiuf_cottage
D:3:      layout_basic, okawaru_gym_becter
D:4:      layout_basic, nicolae_overflow_crystal_walls, serial_shops, shop
D:5:      layout_basic, minmay_temple_entry_offerings, ebering_ghost_sewer_f

Skill      XL: |  1  2  3  4  5  6 |
---------------+-------------------+-----
Axes           | 4 5 6 |  6.5
Fighting       | 4 5 |  5.1
Armour         | 4 5 |  5.2
Dodging        | 3 |  3.0
Stealth        | |  0.6

Action                   |  1- 3 |  4- 6 || total
-------------------------+-------+-------++-------
Melee: Hand axe          |    60 |   117 ||   177
       Headbutt          |     8 |    26 ||    34
Invok: Berserk           |     1 |     5 ||     6
  Use: Scroll            |     4 |    10 ||    14
       Potion            |     1 |     1 ||     2
Armor: Animal skin       |     4 |       ||     4
       Ring mail         |    17 |    11 ||    28
       Chain mail        |       |    40 ||    40
Dodge: Dodged            |    38 |    59 ||    97

Table legend: (Time is in decaauts)
 A = Elapsed time spent in this place.
 B = Non-inter-level travel time spent in this place.
 C = Inter-level travel time spent in this place.
 D = Time resting spent in this place.
 E = Time spent auto-exploring this place.
 F = Levels seen in this place.
 G = Mean time per level.
                   A        B        C        D        E       F      G
               +--------+--------+--------+--------+--------+-----+--------+
         Total |   4247 |   2861 |   1386 |    811 |   1450 |   5 |  849.4 |
       Dungeon |   4247 |   2861 |   1386 |    811 |   1450 |   5 |  849.4 |
               +--------+--------+--------+--------+--------+-----+--------+

Top non-repeatable levels by time:
     D:3: 1729 daAuts
     D:1: 874 daAuts
     D:4: 581 daAuts
     D:2: 546 daAuts
     D:5: 516 daAuts
